Map: Orbital Shipyard

Players

zOnehaCk

  • Race: Terran Terran

Wellmet - Winner!

  • Race: Terran Terran
  • League: Master

VOD

Have the link to the VOD?

Description

Time

  • Played on: Nov. 15, 2015, 4:53 a.m.
  • Length: 12:19
Show
View Real Time Build Order
Export as new Build Order

zOnehaCk Terran 

Build Orders: Bio Tank, MMM Bio 

Get SALT Encoding   

  12  0:01  SCV  
  13  0:13  SCV  
  14  0:22  Supply Depot  
  14  0:25  SCV  
  15  0:44  SCV  
  15  0:45  Barracks  
  16  0:50  Refinery  
  16  0:56  SCV  
  17  1:03  Supply Depot  
  17  1:08  SCV  
  18  1:20  SCV  
  20  1:32  Reaper  
  20  1:40  Orbital Command  
  20  2:00  Command Center  
  20  2:08  SCV  
  21  2:11  Barracks Tech Lab  
  21  2:20  SCV, Refinery  
  22  2:33  SCV  
  23  2:44  Marine  
  20  3:14  Orbital Command  
  20  3:16  SCV  
  21  3:25  Factory  
  21  3:28  SCV, Barracks  
  21  3:29  Barracks, Marine  
  23  3:40  SCV  
  25  3:41  SCV  
  25  3:47  Marine  
  25  4:00  SCV  
  26  4:05  SCV, Marine  
  28  4:12  SCV, Factory Tech Lab  
  29  4:21  Barracks Reactor x2  
  29  4:22  Marine  
  30  4:24  Stimpack  
  30  4:26  SCV  
  31  4:32  Siege Tank  
  31  4:33  SCV  
  31  4:36  Supply Depot  
  36  4:38  SCV  
  36  4:40  Marine  
  37  4:45  SCV  
  37  4:51  SCV  
  39  4:57  Marine  
  39  4:58  SCV, Marine x4  
  45  5:04  Siege Tank  
  45  5:06  Starport  
  48  5:08  Supply Depot  
  48  5:16  Command Center  
  46  5:38  Marine  
  46  5:39  Marine x4  
  47  5:56  Starport Reactor  
  46  5:58  SCV x2  
  46  6:00  Refinery x2  
  48  6:04  Siege Tank, Engineering Bay x2  
  48  6:06  Armory  
  48  6:10  SCV x2  
  53  6:22  Marine x3  
  53  6:24  Marine  
  53  6:25  Combat Shields  
  55  6:39  Missile Turret  
  55  6:40  Terran Infantry Weapons Level 1, Terran Infantry Armor Level 1  
  55  6:47  SCV  
  55  6:48  SCV  
  55  6:50  Medivac  
  59  6:55  Orbital Command  
  59  7:02  SCV x2  
  61  7:12  Terran Vehicle Weapons Level 1  
  61  7:14  SCV x2  
  63  7:16  Supply Depot  
  63  7:17  Marine x2  
  63  7:18  Marine x2  
  63  7:19  Marine  
  68  7:31  Viking x2  
  68  7:36  Missile Turret  
  72  7:39  Supply Depot  
  72  7:41  Supply Depot  
  72  7:43  Siege Tank  
  75  7:50  Marine x3  
  75  7:51  Marine x2  
  79  7:52  SCV  
  79  7:53  SCV x2  
  83  8:08  Marine x2  
  82  8:18  SCV x3  
  74  8:35  Marine  
  74  8:36  Siege Tank, Marine x2  
  74  8:37  Viking x2  
  74  8:40  Refinery x2  
  84  8:47  Missile Turret x2  
  84  8:58  SCV x2  
  87  9:02  SCV  
  87  9:09  Terran Vehicle Weapons Level 2  
  87  9:10  SCV, Terran Infantry Weapons Level 2  
  87  9:11  Marine x2  
  87  9:12  Marine  
  91  9:18  SCV x2  
  91  9:22  SCV  
  94  9:27  Terran Infantry Armor Level 2  
  94  9:30  SCV x2, Medivac x2  
  100  9:34  SCV  
  78  10:04  Marine x5  
  75  10:14  SCV x3  
  75  10:17  Sensor Tower  
  75  10:19  Command Center  
  76  10:30  Marine x2  
  76  10:31  Marine x3  
  81  10:37  Siege Tank  
  84  10:43  SCV x2  
  84  10:49  SCV  
  87  10:50  Marine x2  
  87  10:55  SCV  
  87  10:56  Medivac x2  
  94  10:58  SCV  
  94  11:01  SCV  
  96  11:04  Supply Depot  
  96  11:05  Supply Depot  
  96  11:07  SCV  
  78  11:25  Marine x2  
  78  11:26  Marine  
  78  11:27  Medivac, Siege Tank, Marine x2  
  78  11:28  Medivac  
  90  11:37  SCV x2  
  92  11:43  Marine x2  
  92  11:44  Marine  
  95  12:00  Marine x2  
Show
View Real Time Build Order
Export as new Build Order

Wellmet Terran - Winner!

Build Orders: Reaper Expand, Bio Tank, MMM Bio 

Get SALT Encoding   

  12  0:01  SCV  
  13  0:13  SCV  
  14  0:17  Supply Depot  
  14  0:25  SCV  
  15  0:39  SCV  
  15  0:41  Barracks  
  16  0:46  Refinery  
  16  0:51  SCV  
  17  1:03  SCV  
  18  1:15  SCV  
  19  1:29  Orbital Command  
  19  1:33  Reaper  
  20  1:53  Command Center  
  19  1:56  SCV  
  20  2:05  Supply Depot, Barracks Reactor  
  20  2:08  SCV  
  20  2:11  Refinery  
  21  2:20  SCV  
  22  2:29  Factory  
  22  2:32  SCV  
  22  2:50  SCV, Marine  
  22  2:51  Marine  
  22  3:03  SCV  
  20  3:12  Orbital Command  
  20  3:14  Marine x2  
  20  3:17  SCV  
  23  3:31  SCV  
  23  3:32  Marine x2  
  25  3:41  Factory Tech Lab  
  25  3:42  Starport  
  25  3:43  SCV  
  25  3:44  SCV  
  27  3:52  Marine x2  
  27  3:55  SCV  
  30  4:00  SCV  
  31  4:07  SCV  
  32  4:10  Factory Tech Lab, Marine x2  
  32  4:14  SCV  
  35  4:19  SCV  
  36  4:26  SCV, Cloaking Field  
  36  4:27  Banshee  
  36  4:31  SCV, Marine x2  
  40  4:37  Siege Tank  
  46  4:46  Supply Depot  
  46  4:49  SCV x2  
  46  4:51  Marine x2  
  50  5:01  SCV x2  
  50  5:05  Barracks  
  52  5:12  Banshee, Supply Depot  
  52  5:14  Marine x2  
  55  5:16  SCV  
  55  5:19  SCV  
  59  5:33  SCV  
  59  5:34  Marine x2  
  61  5:36  Siege Tank  
  61  5:37  SCV  
  65  5:45  SCV  
  63  6:00  Barracks  
  63  6:01  SCV x2  
  65  6:05  Marine x2, Starport Reactor  
  65  6:06  Barracks  
  65  6:08  Barracks  
  67  6:13  SCV  
  67  6:16  Stimpack  
  68  6:19  Supply Depot  
  68  6:20  SCV  
  68  6:21  Supply Depot  
  68  6:25  SCV  
  70  6:28  Siege Tank  
  70  6:31  Refinery  
  70  6:33  Refinery  
  70  6:36  Supply Depot  
  70  6:40  SCV, Marine x3  
  70  6:42  Supply Depot  
  70  6:43  Supply Depot, SCV  
  75  6:47  Medivac  
  75  6:53  Barracks Reactor  
  76  6:55  SCV  
  76  6:58  Barracks Reactor, Marine  
  76  7:00  SCV  
  79  7:01  Marine  
  79  7:07  Barracks Reactor  
  80  7:09  SCV, Marine  
  80  7:10  Command Center  
  80  7:12  SCV  
  83  7:16  Marine  
  83  7:21  Medivac  
  86  7:25  SCV x2  
  86  7:28  Marine x2  
  90  7:30  Medivac  
  90  7:32  Marine  
  90  7:33  Marine  
  90  7:37  SCV, Marine x2  
  94  7:40  Engineering Bay  
  94  7:43  SCV  
  98  7:45  Engineering Bay  
  98  7:50  Marine x3  
  101  7:53  Marine  
  101  7:57  Marine x2  
  104  8:00  Marine x2  
  104  8:02  Medivac  
  104  8:03  Medivac  
  110  8:15  Terran Infantry Weapons Level 1, Terran Infantry Armor Level 1  
  110  8:16  Supply Depot  
  110  8:18  Supply Depot  
  110  8:21  Siege Tank, Marine  
  110  8:29  Marine x2  
  110  8:31  SCV x2  
  110  8:33  Orbital Command  
  110  8:34  Marine x2  
  110  8:37  Medivac x2  
  116  8:44  Combat Shields  
  116  8:47  Marine x2  
  116  8:48  Orbital Command, Marine  
  119  8:52  Marine  
  119  8:53  Marine x2  
  122  9:02  Marine x2  
  124  9:19  Marine  
  125  9:29  Supply Depot  
  125  9:32  Medivac x2, Siege Tank, Marine x3  
  125  9:33  Supply Depot  
  125  9:45  Marine x6  
  131  9:48  SCV x2  
  131  9:49  Command Center  
  131  9:50  Marine x3  
  116  10:02  Medivac  
  116  10:03  Marine x6  
  116  10:05  Siege Tank  
  116  10:08  Marine x2  
  116  10:11  Medivac  
  120  10:15  Marine  
  120  10:20  Marine  
  120  10:22  Marine x2  
  120  10:26  Barracks, Marine  
  120  10:28  Barracks  
  119  10:29  Missile Turret  
  119  10:31  SCV x2, Missile Turret x2  
  119  10:32  Refinery  
  121  10:36  Marine x4  
  121  10:42  Marine x2  
  126  10:46  Armory  
  127  10:52  Siege Tank  
  127  10:54  Marine x2  
  127  10:56  Marine x3  
  135  10:58  Factory  
  135  11:01  Marine, Medivac x2  
  139  11:17  Barracks Reactor x2  
  129  11:18  Marine  
  129  11:21  Marine x2  
  129  11:22  Marine x3  
  129  11:23  Marauder  
  125  11:29  Marine x2  
  125  11:30  Medivac  
  129  11:37  Marine  
  129  11:39  Marine x2  
  132  11:40  Marine  
  132  11:44  Marine  
  132  11:45  Marauder  
  136  11:47  Missile Turret  
  136  11:49  Marine x2  
  136  11:53  Marine x3  
  141  11:59  Factory Tech Lab, Marine x2  
Tags
 
Add a new tag
Caveats
  • Supply blocks, unpowered buildings, or Contaminate may cause inaccurate times.
  • Supply counts are checked every 10 seconds.